 Dungeon Crawl Stone Soup version 0.28.0-45-g0d030f2227 (webtiles) character file.

Game seed: 15415704424803050503

269 Bruhh the Chiller (level 6, 0/44 HPs)
             Began as a Gnoll Ice Elementalist on Apr 23, 2022.
             Slain by Menkaure (3 damage)
             ... on level 5 of the Dungeon.
             The game lasted 00:04:32 (3535 turns).

Bruhh the Chiller (Gnoll Ice Elementalist)          Turns: 3535, Time: 00:04:33

Health: 0/44       AC:  2    Str:  7    XL:     6   Next: 22%
Magic:  7/14       EV: 13    Int: 17    God:
Gold:   198        SH:  0    Dex: 12    Spells: 8/15 levels left

rFire   . . .      SeeInvis .     - Unarmed
rCold   . . .      Faith    .   (no shield)
rNeg    . . .      Spirit   .   a - +0 robe
rPois   .          Reflect  .   (no helmet)
rElec   .          Harm     .   (no cloak)
rCorr   .          Rampage  .   (no gloves)
Will    .....                   (no boots)
Stlth   +++.......              (no amulet)
HPRegen 0.14/turn               (no ring)
MPRegen 0.14/turn               (no ring)

@: no status effects
A: fangs 1, strong nose, distributed training
a: no special abilities


You were on level 5 of the Dungeon.
You visited 1 branch of the dungeon, and saw 5 of its levels.

You collected 198 gold pieces.

Inventory:

Missiles
 h - 7 poisoned darts
Armour
 a - a +0 robe (worn)
Wands
 d - a wand of paralysis (11)
 m - a wand of flame (16)
Scrolls
 c - 2 scrolls of identify {unknown}
 g - a scroll of fear {unknown}
 j - a scroll of enchant weapon {unknown}
 k - a scroll of enchant armour {unknown}
 n - 2 scrolls of torment {unknown}
 p - a scroll of magic mapping {unknown}
Potions
 b - 2 potions of curing {unknown}
 e - a potion of might {unknown}
 f - a potion of attraction {unknown}
 i - a potion of flight {unknown}
 l - a potion of invisibility {unknown}
 o - a potion of magic {unknown}


   Skills:
 + Level 1.8 Fighting
 + Level 1.8 Short Blades
 + Level 1.8 Long Blades
 + Level 1.8 Axes
 + Level 1.8 Maces & Flails
 + Level 1.8 Polearms
 + Level 1.8 Staves
 + Level 1.8 Slings
 + Level 1.8 Bows
 + Level 1.8 Crossbows
 + Level 1.8 Throwing
 + Level 1.8 Armour
 + Level 4.9 Dodging
 + Level 4.5 Stealth
 + Level 1.8 Shields
 + Level 1.8 Unarmed Combat
 + Level 5.3 Spellcasting
 + Level 1.4 Conjurations
 + Level 1.4 Hexes
 + Level 1.4 Summonings
 + Level 1.4 Necromancy
 + Level 1.4 Translocations
 + Level 1.4 Transmutations
 + Level 1.4 Fire Magic
 + Level 7.2 Ice Magic
 + Level 1.4 Air Magic
 + Level 1.4 Earth Magic
 + Level 1.4 Poison Magic
 + Level 2.0 Invocations
 + Level 1.8 Evocations


You had 8 spell levels left.
You knew the following spells:

 Your Spells              Type           Power      Damage    Failure   Level
a - Freeze                Ice            100%       1d11      1%          1
b - Frozen Ramparts       Ice            58%        1d7       1%          3
c - Ozocubu's Armour      Ice            29%        N/A       1%          3

Your spell library contained the following spells:

 Spells                   Type           Power      Damage    Failure   Level
 Hailstorm                Conj/Ice       19%        3d6       22%         4
 Cause Fear               Hex            4%         N/A       58%         4
 Dragon Form              Tmut           4%         N/A       100%        7
 Dragon's Call            Summ           4%         N/A       100%        9


Dungeon Overview and Level Annotations

Branches:
Dungeon (5/15)
 Temple: D:4-7

Altars:

Annotations:
D:5 Menkaure


Innate Abilities, Weirdness & Mutations

You have very sharp teeth.
Your uncanny sense of smell can sniff out nearby items.
Your experience applies equally to all skills.


Message History

The wall freezes the black bear!
You kill the black bear!
Your Invocations skill increases to level 2!
You have reached level 6!
Menkaure calls on the powers of darkness!
Your body is wracked with pain!
Your icy armour and frozen ramparts will break if you move.
Continue?
Your icy armour cracks and falls away as you move.
The frozen ramparts melt away as you move.
Menkaure points at you and mumbles some strange words.
Pain shoots through your body!
Menkaure casts a spell.
Menkaure seems to speed up.
Found a stone staircase leading down.
A kobold comes into view.
It is wielding a +0 dagger and quivering poisoned darts.
Found a scroll labelled ZACINO ODIYWE.
A quokka skeleton comes into view.
Menkaure blazes with dark energy!
Menkaure hits you.
The kobold shouts!
Menkaure points at you and mumbles some strange words.
You barely resist. Menkaure hits you!
* * * LOW HITPOINT WARNING * * *
The quokka skeleton misses you.
Menkaure calls on the powers of darkness!
Your body is wracked with pain!
* * * LOW HITPOINT WARNING * * *
The quokka skeleton bites you.
* * * LOW HITPOINT WARNING * * *
Menkaure murmurs a few words.
Menkaure hits you.
* * * LOW HITPOINT WARNING * * *
Found 13 stones.
There is a stone staircase leading down here.
Menkaure misses you.
You climb downwards.
There is a stone staircase leading up here.
Menkaure hits you.
You die...

.....##
#.....##
#.....Z.
#......
.##......
........#
.......M#
.......@#
#########


You could see Menkaure (fast) and a hound skeleton (dormant).

Vanquished Creatures
  A black bear (D:4)
  An ogre (D:4)
  Robin (D:2)
  2 adders
  A worm (D:2)
  A dart slug (D:3)
  5 bats
  5 endoplasms
  3 giant cockroaches
  8 goblins
  8 hobgoblins
  3 jackals (D:4)
  A quokka (D:1)
  4 ball pythons
  5 frilled lizards
  4 kobolds
  8 rats
61 creatures vanquished.

Notes
Turn   | Place    | Note
-------+----------+-------------------------------------------
     0 | D:1      | Bruhh the Gnoll Ice Elementalist began the quest for the
                  | Orb.
     0 | D:1      | Reached XP level 1. HP: 13/13 MP: 6/6
   140 | D:1      | You fall into a shaft and drop 1 floor!
   226 | D:2      | Reached XP level 2. HP: 10/19 MP: 1/7
   918 | D:2      | Reached XP level 3. HP: 25/25 MP: 7/9
   966 | D:2      | Reached skill level 5 in Spellcasting
  1452 | D:1      | Reached skill level 1 in Invocations
  1956 | D:2      | Noticed Robin
  1967 | D:1      | Reached skill level 1 in Fighting
  1967 | D:1      | Reached skill level 1 in Short Blades
  1967 | D:1      | Reached skill level 1 in Long Blades
  1967 | D:1      | Reached skill level 1 in Axes
  1967 | D:1      | Reached skill level 1 in Maces & Flails
  1967 | D:1      | Reached skill level 1 in Polearms
  1967 | D:1      | Reached skill level 1 in Staves
  1967 | D:1      | Reached skill level 1 in Slings
  1967 | D:1      | Reached skill level 1 in Bows
  1967 | D:1      | Reached skill level 1 in Crossbows
  1967 | D:1      | Reached skill level 1 in Throwing
  1967 | D:1      | Reached skill level 1 in Armour
  1967 | D:1      | Reached skill level 1 in Shields
  1967 | D:1      | Reached skill level 1 in Unarmed Combat
  1967 | D:1      | Reached skill level 1 in Evocations
  1971 | D:1      | Learned a level 3 spell: Frozen Ramparts
  1975 | D:1      | Learned a level 3 spell: Ozocubu's Armour
  1980 | D:2      | Reached XP level 4. HP: 32/32 MP: 2/11
  1988 | D:2      | Killed Robin
  2565 | D:3      | Reached skill level 1 in Conjurations
  2565 | D:3      | Reached skill level 1 in Hexes
  2565 | D:3      | Reached skill level 1 in Summonings
  2565 | D:3      | Reached skill level 1 in Necromancy
  2565 | D:3      | Reached skill level 1 in Translocations
  2565 | D:3      | Reached skill level 1 in Transmutations
  2565 | D:3      | Reached skill level 1 in Fire Magic
  2565 | D:3      | Reached skill level 1 in Air Magic
  2565 | D:3      | Reached skill level 1 in Earth Magic
  2565 | D:3      | Reached skill level 1 in Poison Magic
  2954 | D:4      | Noticed an ogre
  2959 | D:4      | Killed an ogre
  2960 | D:4      | Reached XP level 5. HP: 7/37 MP: 2/12
  3492 | D:4      | Noticed a black bear
  3494 | D:4      | Noticed Menkaure
  3496 | D:4      | Killed a black bear
  3497 | D:4      | Reached XP level 6. HP: 42/44 MP: 2/14
  3528 | D:4      | HP: 2/44 [Menkaure (1)]
  3534 | D:5      | Entered Level 5 of the Dungeon
  3535 | D:5      | Slain by Menkaure

Illustrated notes

Levels and vault maps discovered:
D:1:      minmay_arrival_radiant_lines, layout_loops_cross,
          hangedman_decor_growths
D:2:      layout_loops_cross, uniq_robin
D:3:      layout_loops_cross
D:4:      layout_basic, minmay_misc_feat_encased, minmay_pentangle,
          uniq_menkaure
D:5:      layout_rooms, mainiacjoe_overflow_cross_hatched, serial_shops, shop,
          fountainhead, nicolae_concentric_dashed_squares_mild, uniq_sigmund

Skill      XL: |  1  2  3  4  5 |
---------------+----------------+-----
Spellcasting   | 5 |  5.3
Invocations    | 1 2 |  2.0
Fighting       | 1 |  1.8
Short Blades   | 1 |  1.8
Long Blades    | 1 |  1.8
Axes           | 1 |  1.8
Maces & Flails | 1 |  1.8
Polearms       | 1 |  1.8
Staves         | 1 |  1.8
Slings         | 1 |  1.8
Bows           | 1 |  1.8
Crossbows      | 1 |  1.8
Throwing       | 1 |  1.8
Armour         | 1 |  1.8
Shields        | 1 |  1.8
Unarmed Combat | 1 |  1.8
Evocations     | 1 |  1.8
Conjurations   | 1 |  1.4
Hexes          | 1 |  1.4
Summonings     | 1 |  1.4
Necromancy     | 1 |  1.4
Translocations | 1 |  1.4
Transmutations | 1 |  1.4
Fire Magic     | 1 |  1.4
Air Magic      | 1 |  1.4
Earth Magic    | 1 |  1.4
Poison Magic   | 1 |  1.4
Dodging        | |  4.9
Stealth        | |  4.5
Ice Magic      | |  7.2

Action                   |  1- 3 |  4- 6 || total
-------------------------+-------+-------++-------
Melee: Unarmed           |    14 |     3 ||    17
 Cast: Freeze            |    56 |    25 ||    81
       Frozen Ramparts   |     1 |     3 ||     4
       Ozocubu's Armour  |     1 |     3 ||     4
 Stab: Sleeping          |     1 |       ||     1
Armor: Robe              |     7 |     4 ||    11
Dodge: Dodged            |    43 |    18 ||    61
